 Dungeon Crawl Stone Soup version 0.30.0-29-ga12c61a403 (webtiles) character file.

Game seed: 6652081087302184651

9 Josd the Grave Robber (level 2, 0/13 HPs)
             Began as a Vine Stalker Necromancer on June 5, 2023.
             Slain by a quokka (1 damage)
             ... on level 1 of the Dungeon.
             The game lasted 00:01:10 (268 turns).

Josd the Grave Robber (Vine Stalker Necromancer)     Turns: 268, Time: 00:01:11

Health: 0/13       AC:  2    Str: 10    XL:     2   Next: 12%
Magic:  0/6        EV: 12    Int: 15    God:
Gold:   23         SH:  0    Dex: 14    Spells: 4/5 levels left

rFire   . . .        e - +0 dagger
rCold   . . .        (no shield)
rNeg    . . .        a - +0 robe
rPois   .            (no helmet)
rElec   .            (no cloak)
rCorr   .            (no gloves)
SInv    .            (no boots)
Will    .....        (no amulet)
Stlth   ++           (no ring)
HPRegen 0.22/turn    (no ring)
MPRegen 0.10/turn

%: guardian spirit
@: no status effects
A: fangs 2, magic shield, antimagic bite, no potion heal 2
a: no special abilities


You were on level 1 of the Dungeon.
You visited 1 branch of the dungeon, and saw 1 of its levels.

You collected 23 gold pieces.

Inventory:

Hand Weapons
 d - a +0 spear
 e - a +0 dagger (weapon)
Armour
 a - a +0 robe (worn)
Scrolls
 c - 2 scrolls of magic mapping {unknown}
 f - a scroll of enchant weapon {unknown}
Potions
 b - a potion of magic


   Skills:
 + Level 1.5 Dodging
 + Level 2.6 Stealth
 + Level 2.2 Spellcasting
 + Level 4.3 Necromancy


You had 4 spell levels left.
You knew the following spells:

 Your Spells              Type           Power      Damage    Failure   Level
a - Necrotise             Necr           56%        1d6       3%          1

Your spell library contained the following spells:

 Spells                   Type           Power      Damage    Failure   Level
 Vampiric Draining        Necr           14%        2d7       11%         3
 Animate Dead             Necr           14%        N/A       34%         4
 Agony                    Necr           14%        N/A       69%         5


Dungeon Overview and Level Annotations

Branches:
Dungeon (1/15)

Altars:


Innate Abilities, Weirdness & Mutations

You have extremely sharp teeth.
When hurt, damage is shared between your health and your magic reserves.
Your bite disrupts and absorbs the magic of your enemies.
Potions cannot restore your health.


Message History

A quokka comes into view.
The goblin hits you with a +0 club.
You hit the goblin. Your bite misses the goblin.
The goblin is severely wounded.
The goblin hits you with a +0 club.
You hit the goblin.
You kill the goblin!
The quokka misses you.
You see here a +0 club.
You completely miss the quokka. The quokka bites you.
The quokka bites you but does no damage.
You are too injured to fight recklessly!
You are too injured to fight recklessly!
You are too injured to fight recklessly!
You are too injured to fight recklessly!
You are too injured to fight recklessly!
You barely miss the quokka. Your bite misses the quokka. The quokka bites you.
You hit the quokka but do no damage. The quokka barely misses you.
You hit the quokka but do no damage. You bite the quokka, but do no damage.
The quokka bites you but does no damage.
You hit the quokka but do no damage. The quokka barely misses you.
You hit the quokka but do no damage. You bite the quokka, but do no damage.
The quokka bites you.
* * * LOW HITPOINT WARNING * * *
The quokka barely misses you.
You hit the quokka.
The quokka is severely wounded.
The quokka barely misses you.
You barely miss the quokka.
The quokka is severely wounded.
The quokka bites you.
* * * LOW HITPOINT WARNING * * *
You hit the quokka but do no damage. Your bite misses the quokka.
The quokka is severely wounded.
The quokka bites you.
* * * LOW HITPOINT WARNING * * *
You hit the quokka but do no damage. You bite the quokka, but do no damage.
The quokka is severely wounded.
The quokka bites you.
You die...

#.#.....###..###
#..........###
.#.........#..#
##......#....
.........#.#..##
#......#.#...
.......†.#.#....##
####.#...##..
####.#.#.#...##..#
#.....###.
#.#.#.#######.####....###.##
# #.#..................
##.## #.###########.#......
##.. .. #..r@...#...... #.<
.. #.#####........ #..
#.#..##.. #.##
#.#..##.###.### #..
..#....###. #.. ..# ...##..
#... .####.#... ... #.....
######


You could see a quokka.

Vanquished Creatures
  2 endoplasms (D:1)
  A goblin (D:1)
  2 kobolds (D:1)
  A quokka (D:1)
  A bat (D:1)
  A rat (D:1)
8 creatures vanquished.

Notes
Turn   | Place    | Note
-------+----------+-------------------------------------------
     0 | D:1      | Josd the Vine Stalker Necromancer began the quest for the
                  | Orb.
     0 | D:1      | Reached XP level 1. HP: 9/9 MP: 4/4
   218 | D:1      | Reached XP level 2. HP: 13/13 MP: 4/6
   268 | D:1      | Slain by a quokka

Illustrated notes

Levels and vault maps discovered:
D:1:      roderic_crossed_star, layout_basic, minmay_hedge_maze,
          chequers_serial_rivers_micro_e

Action                     || total
---------------------------++-------
  Melee: Dagger            ||    30
         Spear             ||    12
         Bite              ||     7
   Stab: Sleeping          ||     2
 Armour: Robe              ||     9
  Dodge: Dodged            ||    16
